 Dungeon Crawl Stone Soup version 0.24.0-2-g5b39cebb1c (webtiles) character file.

Game seed: 5143373065681948388, levelgen mode: deterministic

22824 theanonym the Severer (level 12, 0/112 HPs)
             Began as a Deep Dwarf Monk on Oct 29, 2019.
             Was a High Priest of Makhleb.
             Slain by a tengu warrior
             ... wielding a +1 great sword of electrocution
              (18 damage)
             ... on level 12 of the Dungeon.
             The game lasted 00:20:26 (11281 turns).

theanonym the Severer (Deep Dwarf Monk)            Turns: 11281, Time: 00:20:27

Health: 0/112      AC: 19    Str: 18    XL:     12   Next: 66%
Magic:  4/4        EV:  7    Int: 13    God:    Makhleb [*****.]
Gold:   1173       SH:  3    Dex: 15    Spells: 11/11 levels left

rFire    . . .     SeeInvis .   a - +0 war axe
rCold    + . .     Gourm    .   d - +0 buckler
rNeg     . . .     Faith    +   f - +0 plate armour
rPois    .         Spirit   .   g - +0 helmet
rElec    .         Reflect  .   b - +1 cloak
rCorr    .         Harm     .   (no gloves)
MR       +....                  l - +0 pair of boots
Stlth    ..........             c - amulet of faith
HPRegen  0.00/turn              s - ring of protection from cold
MPRegen  0.09/turn              (no ring)

@: non-regenerating
A: damage resistance, heal wounds, sense surroundings 2, no regeneration
a: Heal Wounds, Minor Destruction, Lesser Servant of Makhleb, Major Destruction,
Greater Servant of Makhleb, Renounce Religion


Innate Abilities, Weirdness & Mutations

You are resistant to damage.
You can heal yourself by infusing magical energy.
You passively map the area around you.
You do not regenerate.


   Skills:
 + Level 8.4 Fighting
 - Level 16.0 Axes
 + Level 9.4 Armour
 - Level 3.2 Dodging
 - Level 2.4 Stealth
 + Level 11.7 Invocations


You had 11 spell levels left.
You didn't know any spells.
Your spell library contained the following spells:

 Spells                   Type           Power        Failure   Level  Hunger
 Poisonous Vapours        Pois/Air       #.....       100%        2    ###....
 Conjure Flame            Conj/Fire      #.......     100%        3    ####...
 Mephitic Cloud           Conj/Pois/Air  #.......     100%        3    ####...
 Freezing Cloud           Conj/Ice/Air   #.........   100%        6    #######
 Ring of Flames           Chrm/Fire      #.........   100%        7    #######

Skill      XL: |  1  2  3  4  5  6  7  8  9 10 11 12 |
---------------+-------------------------------------+-----
Axes           | 4 5 6 7 8 10 12 14 15 16 | 16.0
Invocations    | 6 8 10 11 | 11.7
Armour         | 2 5 7 9 |  9.4
Fighting       | 3 5 6 8 |  8.4
Dodging        | |  3.2
Stealth        | |  2.4

Action                   |  1- 3 |  4- 6 |  7- 9 | 10-12 || total
-------------------------+-------+-------+-------+-------++-------
Melee: Hand axe          |   162 |   187 |   627 |    69 ||  1045
       War axe           |       |       |       |   841 ||   841
Invok: Lesser Servant of |       |       |     3 |    15 ||    18
       Greater Servant o |       |       |       |     1 ||     1
 Abil: Heal Wounds       |     2 |     4 |    20 |    26 ||    52
Evoke: Wand              |       |     4 |    18 |     8 ||    30
  Use: Scroll            |       |     3 |    11 |    12 ||    26
       Potion            |       |       |     6 |     3 ||     9
 Stab: Sleeping          |     5 |       |       |       ||     5
       Distracted        |       |       |       |     3 ||     3
  Eat: Chunk             |     1 |     5 |    16 |     6 ||    28
       Ration            |       |       |     1 |     3 ||     4
Armor: Robe              |    26 |       |       |       ||    26
       Ring mail         |    17 |     1 |       |       ||    18
       Scale mail        |       |    59 |    36 |       ||    95
       Plate armour      |       |       |   285 |   572 ||   857
       Skin              |       |       |     4 |       ||     4
Dodge: Dodged            |   121 |   110 |   185 |   292 ||   708
Block: Buckler           |       |       |       |    13 ||    13

Inventory:

Hand Weapons
 a - a +0 war axe (weapon)
Armour
 b - a +1 cloak (worn)
 d - a +0 buckler (worn)
 f - a +0 plate armour (worn)
 g - a +0 helmet (worn)
 l - a +0 pair of boots (worn)
Jewellery
 c - an amulet of faith (around neck)
 o - an uncursed ring of fire
 s - a ring of protection from cold (left hand)
 z - the ring of Vodupn {Wiz rElec Int+9 Dex-2 Stlth-}

   [ring of wizardry]

   It improves your spell success rate.
   It affects your intelligence (+9).
   It affects your dexterity (-2).
   It insulates you from electricity.
   It makes you less stealthy.
 G - the amulet of the Firefly {Reflect rF+ Int+2 SH+5}

   [amulet of reflection]

   It shields you and reflects attacks.
   It affects your intelligence (+2).
   It protects you from fire.
   It affects your SH (+5).
 J - the ring "Luolise" {rPois Int+5 Dex-2}

   [ring of poison resistance]

   It affects your intelligence (+5).
   It affects your dexterity (-2).
   It protects you from poison.
 K - the ring "Lotae" {rN+ Dex-2 Slay+2 Stlth-, unknown}

   [ring of attention]

   It affects your dexterity (-2).
   It affects your accuracy and damage with ranged weapons and melee attacks
   (+2).
   It protects you from negative energy.
   It makes you less stealthy.
Wands
 v - a wand of acid (7)
 x - a wand of iceblast (10)
 y - a wand of paralysis (5)
 C - a wand of enslavement (12)
 F - a wand of polymorph (9)
Scrolls
 i - 5 scrolls of amnesia
 n - 5 scrolls of remove curse
 p - a scroll of holy word
 r - 2 scrolls of identify
 t - 3 scrolls of teleportation
 A - a scroll of enchant weapon
 B - 2 scrolls of blinking
Potions
 h - 3 potions of haste
 j - 4 potions of agility
 k - 5 potions of lignification
 m - a potion of might
 q - a potion of heal wounds
 u - a potion of brilliance
 w - 5 potions of curing
 D - a potion of cancellation
 E - a potion of berserk rage {unknown}
 I - a potion of invisibility {unknown}
Comestibles
 e - 17 rations
 H - 25 chunks of flesh


You were on level 12 of the Dungeon.
You worshipped Makhleb.
Makhleb was extremely pleased with you.
You were not hungry.

You visited 3 branches of the dungeon, and saw 14 of its levels.

You collected 1173 gold pieces.

Dungeon Overview and Level Annotations

Branches:
Dungeon (12/15)            Temple (1/1) D:6            Lair (1/6) D:10
    Orc (0/2) D:12

Altars:
Ashenzari
Cheibriados
Dithmenos
Elyvilon
Fedhas
Gozag
Hepliaklqana
Kikubaaqudgha
Makhleb
Nemelex Xobeh
Okawaru
Qazlal
Ru
Sif Muna
Trog
Uskayaw
Vehumet
Wu Jian
Xom
Yredelemnul
Zin
The Shining One

Shops:
D:9 (

Annotations:
D:9 exclusion: 2 goblins
D:11 exclusion: ugly thing
D:12 6 runed translucent doors, Uwkeq's ghost, journeyman MiFi
Lair:1 exclusion: 2 oklob plants

#.........##......#..............
#.........##......#....8....>....
#.........##......#..............
################'##...#..........
#######...............#.....8....
......#.######.###....####....)##
......'.#####..#.#............)).
......#.......##.##...........#).
......#.......##@##...........#..
......#......##2Q.##..........#..
#######......#(###.#..######..+..
#########.###.# ###......#..### ,
#.........##.##*, #..##..'4.... ,
#........##.#.#,#.##.....#..... ,
#........###2###.#*#.....#.....
+.......##..#2..#..##...3#.....
#....#..#...........#....######


You could see a tengu warrior and a friendly balrug.

Notes
Turn   | Place    | Note
-------+----------+-------------------------------------------
     0 | D:1      | theanonym the Deep Dwarf Monk began the quest for the Orb.
     0 | D:1      | Reached XP level 1. HP: 20/20 MP: 1/1
    65 | D:1      | Reached XP level 2. HP: 16/27 MP: 2/2
    69 | D:1      | Reached skill level 4 in Axes
   313 | D:1      | Reached XP level 3. HP: 22/33 MP: 3/3
   717 | D:2      | Reached skill level 5 in Axes
   987 | D:2      | Found a shattered altar of Ashenzari.
  1035 | D:2      | HP: 15/33 [worm (2)]
  1246 | D:2      | Reached XP level 4. HP: 36/40 MP: 4/4
  1777 | D:3      | Reached skill level 6 in Axes
  1777 | D:3      | Reached XP level 5. HP: 24/46 MP: 5/5
  2105 | D:3      | HP: 23/46 [adder (1)]
  2116 | D:3      | HP: 22/46 [adder (1)]
  2218 | D:4      | Noticed Sigmund
  2219 | D:4      | Noticed Sigmund
  2219 | D:4      | Sigmund changed into Sigmund the porcupine
  2286 | D:4      | HP: 19/46 [scorpion (3)]
  2289 | D:4      | Reached skill level 7 in Axes
  2314 | D:4      | HP: 22/46 [iguana (4)]
  2316 | D:4      | HP: 6/46 [iguana (8)]
  2321 | D:4      | HP: 20/46 [howler monkey (1)]
  2336 | D:4      | Reached XP level 6. HP: 20/55 MP: 5/5
  2460 | D:4      | Killed Sigmund the porcupine
  2460 | D:4      | Reached skill level 8 in Axes
  2521 | D:4      | HP: 26/55 [iguana (5)]
  2542 | D:4      | Reached XP level 7. HP: 47/61 MP: 5/5
  2552 | D:4      | HP: 23/61 [ogre/+0 giant club (24)]
  2554 | D:4      | HP: 2/61 [ogre/+0 giant club (21)]
  2583 | D:4      | Reached skill level 9 in Axes
  2718 | D:4      | HP: 28/61 [scorpion (4)]
  2723 | D:4      | HP: 21/61 [poisoned by a scorpion]
  2850 | D:4      | Found an ornate altar of the Wu Jian Council.
  3155 | D:5      | Entered Level 5 of the Dungeon
  3753 | D:5      | HP: 28/61 [something (4)]
  3769 | D:5      | HP: 26/61 [sky beast (2)]
  3771 | D:5      | Reached skill level 10 in Axes
  4155 | D:6      | Found a staircase to the Ecumenical Temple.
  4178 | D:6      | HP: 30/61 [scorpion (2)]
  4182 | D:6      | Reached XP level 8. HP: 34/68 MP: 5/5
  4192 | Temple   | Entered the Ecumenical Temple
  4364 | Temple   | Became a worshipper of Makhleb the Destroyer
  4364 | Temple   | Reached * piety under Makhleb
  4364 | Temple   | Reached ** piety under Makhleb
  4527 | D:6      | Reached skill level 11 in Axes
  4963 | D:6      | HP: 31/68 [iguana (5)]
  5124 | D:6      | Reached skill level 12 in Axes
  5135 | D:6      | HP: 34/68 [acid (2)]
  5141 | D:6      | HP: 21/68 [soldier ant (6)]
  5142 | D:6      | HP: 9/68 [soldier ant (10)]
  5147 | D:6      | HP: 23/68 [soldier ant (6)]
  5151 | D:6      | HP: 9/102 [poisoned by a soldier ant]
  5258 | D:6      | Found a bloodstained altar of Trog.
  5449 | D:6      | Found a shimmering blue altar of Sif Muna.
  5701 | D:7      | Reached *** piety under Makhleb
  5701 | D:7      | Gained mutation: You passively map the area around you.
                  | [Deep Dwarf growth]
  5701 | D:7      | Reached XP level 9. HP: 53/74 MP: 6/6
  5733 | D:7      | Noticed a troll
  5747 | D:7      | HP: 32/74 [troll (10)]
  5752 | D:7      | Noticed a fire crab
  5752 | D:7      | a troll changed into a fire crab
  5752 | D:7      | HP: 12/74 [fire crab (7)]
  5758 | D:7      | HP: 26/74 [fire crab] (5)]
  5761 | D:7      | HP: 7/74 [fire crab (6)]
  5819 | D:7      | Noticed Joseph
  5834 | D:7      | HP: 36/74 [Joseph/+1 quarterstaff of crushing (4)]
  5843 | D:7      | HP: 23/74 [Joseph/+1 quarterstaff of crushing (12)]
  5844 | D:7      | HP: 11/74 [Joseph/+1 quarterstaff of crushing (1)]
  5857 | D:7      | HP: 34/74 [Joseph/+1 quarterstaff of crushing (11)]
  5861 | D:7      | HP: 15/74 [Joseph/+1 quarterstaff of crushing (11)]
  5864 | D:7      | Killed Joseph
  5864 | D:7      | Reached skill level 13 in Axes
  5864 | D:7      | Reached skill level 3 in Invocations
  5893 | D:7      | Noticed Menkaure
  5898 | D:7      | Killed Menkaure
  5955 | D:7      | Found a glowing golden altar of the Shining One.
  5994 | D:7      | Reached skill level 4 in Invocations
  6049 | D:7      | HP: 34/74 [hippogriff (7)]
  6057 | D:7      | Reached skill level 5 in Invocations
  6449 | D:8      | HP: 37/74 [wyvern (4)]
  6464 | D:8      | HP: 26/74 [wyvern (4)]
  6468 | D:8      | HP: 11/74 [wyvern (9)]
  6475 | D:8      | HP: 16/74 [wyvern (11)]
  6476 | D:8      | Reached skill level 1 in Armour
  6490 | D:8      | Reached skill level 3 in Fighting
  6499 | D:8      | HP: 37/75 [orc wizard/puff of flame (3)]
  6635 | D:8      | Noticed a two-headed ogre
  6636 | D:8      | Reached **** piety under Makhleb
  6648 | D:8      | HP: 34/76 [two-headed ogre/+0 giant club (10)]
  6653 | D:8      | HP: 24/76 [two-headed ogre/+0 giant club (16)]
  6663 | D:8      | Killed a two-headed ogre
  6663 | D:8      | Reached skill level 14 in Axes
  6663 | D:8      | Reached skill level 2 in Armour
  6663 | D:8      | Reached skill level 6 in Invocations
  6663 | D:8      | Reached XP level 10. HP: 9/84 MP: 4/4
  6752 | D:8      | Noticed a two-headed ogre
  6762 | D:8      | HP: 32/83 [two-headed ogre/+0 giant club (18)]
  6764 | D:8      | Killed a two-headed ogre
  6764 | D:8      | Reached skill level 4 in Fighting
  6764 | D:8      | Reached skill level 3 in Armour
  7000 | D:7      | HP: 36/85 [fire crab/blast of flame (1)]
  7005 | D:7      | HP: 24/85 [fire crab (3)]
  7008 | D:7      | Killed a fire crab
  7008 | D:7      | Reached skill level 7 in Invocations
  7011 | D:7      | Noticed Pikel
  7031 | D:7      | HP: 41/87 [worker ant zombie (3)]
  7045 | D:7      | HP: 40/87 [Pikel/burst of metal fragments (1)]
  7047 | D:7      | Killed Pikel
  7047 | D:7      | Reached skill level 4 in Armour
  7314 | D:9      | Found an iron altar of Okawaru.
  7346 | D:9      | HP: 32/87 [orc priest/+0 falchion of electrocution (18)]
  7456 | D:9      | Found Fahyt's Weapon Shop.
  7625 | D:9      | Reached skill level 5 in Fighting
  7625 | D:9      | Reached skill level 8 in Invocations
  7634 | D:9      | Found a shadowy altar of Dithmenos.
  7897 | D:9      | Reached skill level 5 in Armour
  8166 | D:10     | Entered Level 10 of the Dungeon
  8288 | D:10     | Found a staircase to the Lair.
  8447 | D:10     | Noticed a gargoyle
  8466 | D:10     | HP: 39/88 [gargoyle/+0 flail (14)]
  8472 | D:10     | HP: 28/88 [gargoyle/+0 flail (4)]
  8475 | D:10     | Killed a gargoyle
  8475 | D:10     | Reached XP level 11. HP: 41/96 MP: 5/5
  8579 | D:10     | HP: 46/96 [centaur/arrow (5)]
  8584 | D:10     | HP: 45/96 [centaur (1)]
  8589 | D:10     | HP: 44/96 [meliai zombie (1)]
  8593 | D:10     | Reached ***** piety under Makhleb
  8682 | D:10     | HP: 40/96 [manticore (14)]
  8738 | D:10     | Noticed Urug
  8744 | D:10     | HP: 34/97 [Urug/+0 demon trident (11)]
  8755 | D:10     | HP: 45/97 [Urug/+0 demon trident (11)]
  8758 | D:10     | Killed Urug
  8758 | D:10     | Reached skill level 6 in Armour
  8758 | D:10     | Reached skill level 9 in Invocations
  8843 | Lair:1   | Entered Level 1 of the Lair of Beasts
  9011 | Lair:1   | HP: 47/97 [yak (4)]
  9015 | Lair:1   | Reached skill level 15 in Axes
  9016 | Lair:1   | HP: 25/97 [yak (9)]
  9017 | Lair:1   | HP: 8/97 [yak (8)]
  9019 | Lair:1   | Reached skill level 6 in Fighting
  9034 | Lair:1   | HP: 24/97 [yak (1)]
  9040 | Lair:1   | HP: 30/97 [yak (9)]
  9049 | Lair:1   | HP: 10/97 [yak (9)]
  9341 | Lair:1   | Noticed a six-headed hydra
  9384 | Lair:1   | Noticed an oklob plant
  9386 | Lair:1   | Noticed an oklob plant
  9607 | D:11     | Noticed a two-headed ogre
  9608 | D:11     | Noticed a two-headed ogre
  9619 | D:11     | Killed a two-headed ogre
  9619 | D:11     | Reached skill level 7 in Armour
  9632 | D:11     | HP: 41/99 [two-headed ogre/+0 giant club (9)]
  9635 | D:11     | Killed a two-headed ogre
  9635 | D:11     | Reached skill level 10 in Invocations
  9816 | D:11     | Noticed a brown ugly thing
  9817 | D:11     | Noticed a white ugly thing
 10277 | D:12     | Found a staircase to the Orcish Mines.
 10277 | D:12     | Noticed a two-headed ogre
 10282 | D:12     | Killed a two-headed ogre
 10294 | D:12     | HP: 46/99 [orc warrior/+0 glaive (10)]
 10303 | D:12     | HP: 49/99 [acid (1)]
 10305 | D:12     | HP: 16/99 [orc warrior/+5 glaive (15)]
 10312 | D:12     | HP: 30/99 [ice beast (1)]
 10315 | D:12     | Reached XP level 12. HP: 37/106 MP: 4/4
 10372 | D:12     | Reached skill level 7 in Fighting
 10571 | D:12     | Reached skill level 16 in Axes
 10649 | D:12     | HP: 54/109 [purple ugly thing (10)]
 10653 | D:12     | Reached skill level 8 in Armour
 10752 | D:12     | HP: 53/109 [yak (2)]
 10758 | D:12     | HP: 52/109 [yak (3)]
 10870 | D:12     | Noticed a tengu warrior
 10871 | D:12     | Found a runed translucent gate.
 10871 | D:12     | Found a runed translucent gate.
 10871 | D:12     | Found a runed translucent gate.
 10871 | D:12     | Noticed a frost giant
 10871 | D:12     | Noticed Uwkeq's ghost (journeyman MiFi)
 10871 | D:12     | Noticed a fire dragon
 10873 | D:12     | Noticed a centaur warrior
 10875 | D:12     | Noticed a two-headed ogre
 10888 | D:12     | Noticed a tengu warrior
 10906 | D:12     | HP: 46/109 [tengu warrior/cursed -3 broad axe (9)]
 10912 | D:12     | HP: 42/109 [tengu warrior/cursed -3 broad axe (2)]
 10918 | D:12     | Killed a tengu warrior
 10990 | D:12     | Found a runed translucent door.
 10999 | D:12     | Found a runed translucent door.
 11000 | D:12     | Noticed a death knight
 11000 | D:12     | Noticed a deep elf high priest
 11000 | D:12     | Noticed an ettin
 11002 | D:12     | Found a runed translucent door.
 11003 | D:12     | Noticed an eight-headed hydra
 11004 | D:12     | Noticed a centaur warrior
 11005 | D:12     | Noticed a death knight
 11052 | D:12     | Identified the ring of Vodupn {Wiz rElec Int+9 Dex-2
                  | Stlth-}
 11052 | D:12     | Noticed a rakshasa
 11114 | D:12     | Killed a ten-headed hydra
 11114 | D:12     | Reached skill level 11 in Invocations
 11116 | D:12     | HP: 41/110 [rakshasa/orb of energy (16)]
 11117 | D:12     | HP: 19/110 [rakshasa/orb of energy (22)]
 11122 | D:12     | HP: 42/110 [ogre/+0 giant spiked club (4)]
 11128 | D:12     | HP: 36/110 [eight-headed hydra (illusionary) (2)]
 11129 | D:12     | Killed a rakshasa
 11167 | D:12     | Reached skill level 8 in Fighting
 11169 | D:12     | Identified the amulet of the Firefly {Reflect rF+ Int+2
                  | SH+5}
 11174 | D:12     | HP: 51/110 [centaur warrior (7)]
 11176 | D:12     | Killed a death knight
 11177 | D:12     | Reached skill level 9 in Armour
 11181 | D:12     | Killed a centaur warrior
 11220 | D:12     | Identified the ring "Luolise" {rPois Int+5 Dex-2}
 11220 | D:12     | Noticed a centaur warrior
 11224 | D:12     | HP: 46/112 [centaur warrior/arrow (11)]
 11229 | D:12     | Killed a centaur warrior
 11269 | D:12     | Got a vibrating platinum ring
 11272 | D:12     | Noticed a tengu warrior
 11274 | D:12     | HP: 56/112 [tengu warrior/+1 great sword of electrocution
                  | (10)]
 11280 | D:12     | HP: 31/112 [tengu warrior/+1 great sword of electrocution
                  | (8)]
 11281 | D:12     | Slain by a tengu warrior

Vanquished Creatures
  2 centaur warriors (D:12)
  2 two-headed ogres
  A tengu warrior (D:12)
  A skeletal warrior (D:12)
  A deep elf mage (D:12)
  An ugly thing (D:12)
  A manticore (D:10)
  2 cyclopes
  A gargoyle (D:10)
  2 centaur skeletons (D:10)
  Joseph (D:7)
  2 rime drakes (Lair:1)
  3 trolls
  2 hippogriffs
  A meliai zombie (D:10)
  2 shadows
  A wraith (D:12)
  20 yaks
  A hungry ghost (D:7)
  Menkaure (D:7)
  A soldier ant (D:6)
  A water moccasin (D:10)
  2 porcupines
  An ice beast (D:12)
  2 necrophages
  4 ogres
  A black bear (D:11)
  4 orc warriors
  2 sky beasts
  3 phantoms
  An eye of draining (D:10)
  4 centaurs
  3 big kobolds
  14 bullfrogs
  An elf zombie (D:6)
  An elf skeleton (D:6)
  3 gnoll sergeants
  6 scorpions
  7 wights
  7 howler monkeys
  2 crimson imps
  A centaur zombie (D:9)
  2 bullfrog zombies
  4 bullfrog skeletons
  2 orc priests
  6 hounds
  4 jellies
  12 orc wizards
  A human skeleton (D:6)
  6 iguanas
  7 worker ants
  A howler monkey skeleton (D:9)
  A worker ant zombie (D:6)
  11 gnolls
  12 adders
  4 shadow imps
  2 oozes (D:3)
  2 adder skeletons
  2 worms
  2 dart slugs
  2 leopard geckos
  32 orcs
  7 bats
  7 giant cockroaches
  16 goblins
  6 hobgoblins
  13 jackals
  28 kobolds
  5 quokkas
  4 frilled lizards
  A leopard gecko skeleton (D:4)
  2 orc skeletons (D:6)
  An orc zombie (D:6)
  10 rats
334 creatures vanquished.

Vanquished Creatures (collateral kills)
  A rakshasa (D:12)
  A hydra (D:12)
  A death knight (D:12)
  3 two-headed ogres
  Urug (D:10)
  A fire crab (D:7)
  Pikel (D:7)
  2 manticores (D:12)
  5 yaks (Lair:1)
  2 wyverns (D:8)
  A hungry ghost (D:12)
  An ice beast (D:12)
  An orc warrior (D:9)
  4 slaves (D:7)
  A centaur (D:12)
  A crocodile (Lair:1)
  2 bullfrogs (D:8)
  3 crimson imps (D:9)
  A jelly (D:12)
  A centaur skeleton (D:8)
  An orc priest (D:12)
  2 orc wizards (D:12)
  An iguana (D:12)
  A hound skeleton (D:9)
  A worker ant zombie (D:7)
  An adder (D:11)
  4 orcs
45 creatures vanquished.

Grand Total: 379 creatures vanquished

Table legend:
 A = Turns spent in this place as a percentage of turns spent in the entire game.
 B = Non-inter-level travel turns spent in this place as a percentage of non-inter-level travel turns spent in the entire game.
 C = Inter-level travel turns spent in this place as a percentage of turns spent in this place.
 D = Turns resting spent in this place as a percentage of non-inter-level travel turns spent in this place.
 E = Turns spent auto-exploring this place as a percentage of non-inter-level travel turns spent in this place.
 F = Non-inter-level travel turns spent in this place divided by the number of levels of this place that you've seen.
                   A       B       C       D       E      F
               +-------+-------+-------+-------+-------+----------------------
         Total | 100.0 | 100.0 |   5.4 |   1.3 |  69.3 | 762.3
       Dungeon |  93.4 |  93.3 |   5.5 |   0.6 |  69.7 | 829.9
        Temple |   1.6 |   1.5 |  14.5 |   0.0 |  98.1 | 159.0
          Lair |   4.9 |   5.2 |   0.2 |  13.7 |  53.8 | 554.0
               +-------+-------+-------+-------+-------+----------------------
